Map: Old Republic LE

Players

HoldTheDoor - Winner!

  • Race: Protoss Protoss
  • League: Diamond
  • Spawn Location: 7:00

satoru

  • Race: Terran Terran
  • League: Diamond
  • Spawn Location: 1:00

VOD

Have the link to the VOD?

Description

Time

  • Played on: May 17, 2026, 12:01 p.m.
  • Length: 17:00
Show
View Real Time Build Order
Export as new Build Order

HoldTheDoor Protoss - Winner!

Build Orders: 1 Gate Expand, Chargelot Immortal 

Get SALT Encoding   

  12  0:00  Probe  
  13  0:12  Probe  
  14  0:17  Pylon  
  14  0:24  Probe  
  15  0:32  Probe  
  15  0:38  Gateway  
  15  0:40  Probe  
  17  0:50  Probe  
  17  0:51  Assimilator  
  18  1:01  Pylon  
  18  1:03  Probe  
  19  1:14  Pylon  
  19  1:15  Probe  
  20  1:27  Probe  
  21  1:39  Probe  
  22  1:42  Cybernetics Core  
  22  1:43  Nexus  
  22  1:51  Assimilator  
  22  1:59  Probe  
  22  2:00  Pylon  
  23  2:08  Adept  
  23  2:18  Probe  
  23  2:20  Warp Gate  
  26  2:27  Shield Battery  
  26  2:30  Probe  
  27  2:38  Sentry  
  27  2:42  Probe  
  30  2:45  Pylon  
  30  2:54  Probe  
  30  2:56  Probe  
  30  2:57  Robotics Facility  
  32  3:02  Pylon  
  32  3:06  Probe  
  32  3:09  Probe  
  32  3:10  Stalker  
  32  3:12  Shield Battery  
  34  3:19  Probe  
  37  3:22  Probe  
  38  3:37  Probe  
  39  3:41  Probe  
  40  3:55  Probe  
  40  3:57  Immortal  
  45  4:04  Gateway, Probe  
  45  4:06  Gateway  
  45  4:08  Probe  
  48  4:17  Probe  
  48  4:24  Pylon, Zealot  
  48  4:27  Assimilator  
  50  4:31  Twilight Council  
  50  4:36  Immortal  
  54  4:44  Probe  
  54  4:45  Probe  
  56  4:49  Assimilator  
  56  4:56  Stargate  
  56  4:57  Probe x2  
  56  4:58  Pylon  
  58  5:00  Pylon  
  58  5:01  Stalker x2  
  58  5:02  Pylon  
  58  5:04  Sentry  
  64  5:07  Charge  
  64  5:10  Probe  
  64  5:12  Probe  
  64  5:13  Immortal  
  66  5:23  Probe  
  66  5:27  Probe  
  72  5:35  Probe  
  73  5:38  Gateway  
  73  5:39  Probe  
  73  5:41  Phoenix  
  76  5:47  Probe  
  77  5:50  Observer  
  77  5:51  Zealot x3  
  77  5:53  Probe  
  85  5:59  Probe  
  86  6:07  Pylon  
  86  6:15  Probe x2  
  88  6:19  Immortal  
  88  6:20  Phoenix  
  94  6:28  Templar Archives  
  94  6:30  Pylon  
  94  6:31  Probe x2  
  96  6:34  Pylon  
  96  6:40  Nexus  
  96  6:53  Probe x2, Zealot  
  96  6:54  Zealot x3  
  102  7:00  Shield Battery  
  106  7:05  Probe x2  
  108  7:10  Psionic Storm  
  108  7:12  Forge  
  108  7:18  High Templar x3  
  108  7:21  Zealot  
  116  7:25  Assimilator  
  116  7:29  Assimilator  
  116  7:31  Pylon  
  116  7:34  Pylon  
  116  7:36  Blink, Protoss Ground Weapons Level 1  
  116  7:38  Observer  
  116  7:42  Probe  
  118  7:49  Probe  
  119  7:56  Probe  
  120  8:05  Zealot  
  120  8:07  Photon Cannon  
  120  8:08  Zealot  
  120  8:09  Photon Cannon  
  120  8:10  High Templar  
  120  8:11  Photon Cannon  
  126  8:13  Shield Battery  
  126  8:14  Shield Battery, Zealot  
  126  8:15  Probe  
  126  8:19  Probe  
  130  8:34  Zealot x3  
  130  8:38  Probe x3  
  139  8:50  Probe  
  140  8:57  Zealot x4  
  148  9:03  Pylon  
  148  9:05  Gateway  
  148  9:06  Gateway  
  148  9:08  Gateway  
  148  9:10  Gateway  
  148  9:13  Gateway  
  148  9:14  Gateway  
  148  9:16  Immortal, Photon Cannon  
  148  9:22  Photon Cannon  
  148  9:30  High Templar x2  
  156  9:36  Archon  
  156  9:42  Pylon  
  156  9:45  Pylon  
  156  9:49  Pylon  
  156  9:58  Pylon  
  156  9:59  Pylon  
  156  10:01  High Templar  
  156  10:02  High Templar x3, Pylon x2  
  156  10:05  High Templar x3, Pylon  
  156  10:06  High Templar  
  172  10:07  Archon  
  172  10:08  Archon  
  172  10:09  Archon x2  
  172  10:14  Pylon  
  172  10:18  Pylon  
  172  10:30  Shield Battery  
  108  10:53  Stalker x7  
  108  10:54  Stalker x3  
  124  11:00  Phoenix  
  124  11:03  Immortal  
  130  11:27  Nexus  
  130  11:30  Pylon  
  130  11:32  Pylon  
  130  11:35  Photon Cannon  
  130  11:37  Photon Cannon  
  128  11:40  Pylon  
  128  11:44  Pylon  
  124  11:48  Pylon  
  120  12:05  Stalker  
  120  12:06  Stalker x9  
  126  12:32  High Templar x5  
  126  12:33  High Templar x5  
  126  12:36  Archon x2  
  126  12:37  Archon x2  
  146  12:44  Protoss Ground Armor Level 1  
  146  12:48  Gateway  
  146  12:49  Gateway  
  146  12:51  Gateway  
  146  12:54  Gateway  
  146  12:56  Gateway  
  146  12:58  Robotics Facility  
  146  12:59  Robotics Facility  
  146  13:01  Robotics Facility  
  146  13:03  Gateway  
  146  13:09  Stalker  
  146  13:11  Stalker x5  
  158  13:21  Stalker x3  
  164  13:59  Probe  
  164  14:01  Probe x3  
  149  14:20  Immortal  
  153  14:26  Immortal x2  
  153  14:27  Observer  
  162  14:43  Fleet Beacon  
  162  14:45  Stargate  
  162  14:46  Stargate  
  162  14:47  Protoss Air Weapons Level 1  
  162  14:48  Stargate, Zealot  
  162  14:49  Zealot x8  
  162  14:50  Zealot x7  
  162  14:52  Pylon  
  194  14:57  Assimilator  
  194  14:59  Assimilator  
  194  15:10  Nexus  
  194  15:13  Pylon  
  194  15:15  Pylon  
  188  15:25  Stalker x2  
  188  15:26  Stalker x4  
  176  15:45  Stalker  
  176  15:46  Stalker x4  
  164  15:55  Stalker x3  
  150  16:20  High Templar x3  
  150  16:23  Photon Cannon  
  150  16:24  Photon Cannon  
  146  16:48  Zealot x10  
  146  16:49  Zealot  
Show
View Real Time Build Order
Export as new Build Order

satoru Terran 

Build Orders:  

Get SALT Encoding   

  12  0:00  SCV  
  13  0:14  SCV  
  14  0:17  Supply Depot  
  14  0:26  SCV  
  15  0:39  SCV  
  15  0:40  Barracks  
  16  0:51  SCV  
  16  0:52  Refinery  
  17  1:10  SCV  
  18  1:22  SCV  
  19  1:31  Bunker  
  20  1:37  Orbital Command  
  20  1:41  Reaper  
  20  1:49  Supply Depot  
  20  1:57  Command Center  
  20  2:03  SCV  
  21  2:22  Factory  
  21  2:23  SCV  
  21  2:24  Refinery  
  21  2:26  Barracks Tech Lab  
  22  2:35  SCV  
  23  2:47  SCV  
  23  2:48  Marauder  
  26  2:59  SCV  
  27  3:15  Starport  
  27  3:16  Bunker  
  27  3:18  SCV  
  28  3:25  Cyclone  
  28  3:26  Orbital Command  
  31  3:30  SCV  
  32  3:42  SCV  
  33  3:50  Barracks Reactor  
  33  3:53  SCV  
  33  3:54  Supply Depot  
  33  3:55  SCV  
  35  3:58  Command Center  
  35  4:05  Starport Reactor, SCV  
  35  4:07  SCV  
  37  4:13  Refinery  
  37  4:17  SCV  
  37  4:19  SCV  
  37  4:20  Barracks  
  39  4:26  Marine x2  
  39  4:29  Supply Depot, SCV  
  39  4:31  SCV  
  43  4:32  Siege Tank  
  46  4:41  SCV  
  46  4:43  SCV  
  48  4:46  Medivac x2  
  52  4:53  Supply Depot, SCV  
  52  4:54  Marine x2  
  52  4:55  SCV  
  56  5:05  SCV  
  57  5:07  SCV  
  57  5:10  Engineering Bay x2  
  58  5:15  Barracks Tech Lab  
  58  5:16  Orbital Command  
  58  5:19  Barracks  
  58  5:24  Barracks  
  58  5:27  SCV x2  
  60  5:35  Refinery, Marauder  
  62  5:36  Stimpack  
  62  5:39  Terran Infantry Weapons Level 1  
  62  5:42  Terran Infantry Armor Level 1  
  62  5:44  SCV  
  62  5:45  SCV  
  62  5:47  SCV  
  65  5:53  Supply Depot  
  65  5:57  SCV x2, Marine x2  
  69  6:13  Barracks Tech Lab  
  69  6:16  Marauder, Factory Reactor  
  71  6:18  Supply Depot, Orbital Command  
  71  6:19  SCV x2  
  73  6:25  Armory  
  73  6:31  Ghost Academy  
  73  6:32  Marauder  
  75  6:33  Marauder  
  75  6:35  Marine x2  
  75  6:37  Marauder, Medivac  
  75  6:39  Medivac  
  85  6:51  SCV x2  
  85  6:52  SCV  
  85  6:53  Supply Depot, Marine x2  
  85  6:54  Marauder x2, Supply Depot  
  92  6:55  Supply Depot  
  92  6:59  Supply Depot  
  94  7:03  SCV  
  94  7:05  Marauder  
  97  7:09  SCV x2  
  97  7:15  SCV, Marauder  
  102  7:17  Marine x2  
  102  7:18  Combat Shield  
  102  7:19  Concussive Shells  
  104  7:23  Widow Mine x2  
  104  7:26  SCV x2  
  104  7:27  SCV  
  104  7:28  Refinery  
  111  7:30  Refinery  
  111  7:34  Supply Depot  
  111  7:38  SCV x2  
  111  7:39  SCV  
  111  7:41  Ghost  
  111  7:42  Ghost x2  
  120  7:45  Widow Mine x2  
  124  7:52  SCV x3, Barracks  
  124  7:54  Barracks  
  127  7:59  Terran Infantry Weapons Level 2  
  127  8:03  Terran Infantry Armor Level 2  
  127  8:04  SCV  
  127  8:05  Command Center  
  128  8:07  Widow Mine x2  
  128  8:10  Medivac  
  134  8:33  Ghost x3  
  138  8:36  SCV  
  141  8:41  Supply Depot  
  141  8:42  Barracks Tech Lab  
  141  8:43  Barracks Tech Lab, Supply Depot  
  141  8:44  Supply Depot  
  141  8:50  Factory  
  141  8:52  Starport  
  141  9:03  SCV x3  
  141  9:06  Marauder x3  
  141  9:07  Marauder x2, Marine x2  
  156  9:15  Personal Cloaking, Barracks, SCV x3  
  159  9:20  Terran Ship Weapons Level 1  
  159  9:23  Armory  
  159  9:24  Marine  
  159  9:25  Marine  
  159  9:27  SCV  
  162  9:36  Planetary Fortress  
  162  9:37  Command Center  
  161  9:41  Marauder x5  
  161  9:42  Marine x2  
  173  9:50  Factory Tech Lab  
  173  9:53  Liberator x2  
  173  9:55  Starport Reactor  
  179  10:00  Marine  
  179  10:01  Barracks Reactor  
  179  10:06  Supply Depot  
  179  10:07  Supply Depot x2  
  180  10:27  Marine  
  180  10:28  Marauder  
  153  10:47  Marauder x4, Marine x2  
  153  10:48  Marine x2  
  153  10:49  Marauder  
  108  10:50  Planetary Fortress  
  108  10:54  Drilling Claws  
  108  10:55  Widow Mine  
  108  10:56  Widow Mine, Command Center  
  118  10:58  Medivac  
  118  10:59  Medivac  
  118  11:00  Liberator x2  
  122  11:05  Marine x3  
  122  11:08  Marauder  
  122  11:09  Marauder, SCV x3  
  122  11:10  SCV  
  133  11:15  Terran Infantry Weapons Level 3, Refinery  
  133  11:17  Widow Mine x2  
  137  11:21  SCV x2  
  139  11:30  Ghost x2  
  134  12:04  Ghost x4  
  142  12:08  Refinery  
  142  12:09  SCV  
  142  12:10  SCV x4  
  143  12:36  Command Center  
  143  12:38  Liberator x4  
  155  12:45  Fusion Core  
  155  13:17  Marauder x4, Marine  
  155  13:18  Marauder, Marine x3  
  155  13:19  Widow Mine x2  
  175  13:20  Widow Mine  
  175  13:23  Liberator  
  175  13:24  Liberator x3  
  187  13:38  Marauder x2  
  187  13:39  Marauder  
  187  13:41  Widow Mine x3  
  179  13:51  Marauder  
  179  13:52  Marauder, Marine x4  
  182  14:00  Marauder x3  
  182  14:02  Cyclone, Widow Mine  
  177  14:10  Marine x2  
  177  14:13  Marauder  
  177  14:15  Liberator  
  177  14:16  Liberator x3  
  177  14:17  Ghost  
  177  14:20  Ghost x2  
  177  14:21  Ghost, SCV x5  
  190  14:29  Caduceus Reactor  
  190  14:33  SCV  
  190  14:38  Command Center  
  191  14:40  Command Center  
  191  14:41  Command Center  
  191  14:43  Planetary Fortress  
  191  14:45  SCV x3  
  192  14:46  SCV  
  192  14:52  Ghost x2  
  195  14:55  Marine  
  200  15:25  Advanced Ballistics  
  200  15:33  Refinery  
  200  15:34  Refinery  
  167  15:49  Marauder x5, Marine x2  
  156  15:50  Marine x2  
  121  15:59  Liberator  
  121  16:00  Liberator x3  
  127  16:07  Marine x3  
  127  16:08  Marine  
  127  16:10  Marine x2, Marauder x3  
  139  16:25  Marine  
Tags
 
Add a new tag
Caveats
  • Supply blocks, unpowered buildings, or Contaminate may cause inaccurate times.
  • Supply counts are checked every 10 seconds.